[Event "EYCC Open U20 2021"]
[Site "Tornelo"]
[Date "2021.10.15"]
[Round "3.2"]
[White "Garayev, Kanan"]
[Black "Murzin, Volodar"]
[Result "0-1"]
[ECO "B07"]
[WhiteElo "2339"]
[BlackElo "2513"]
[Annotator "ChessBase"]
[PlyCount "110"]
[EventDate "2021.10.15"]
[EventType "swiss"]
[EventCountry "NET"]
[SourceTitle "playchess.com"]
[Source "ChessBase"]
[SourceQuality "1"]
[TimeControl "5400+30"]

1. e4 g6 2. d4 Bg7 3. Nc3 d6 4. g3 Nf6 5. Bg2 O-O 6. Nge2 Nbd7 7. O-O e5 8. h3 Re8 9. Re1 c6 10. a4 a5 11. Be3 Qc7 12. Qd2 exd4 13. Nxd4 Nc5 14. Bf4 Nfd7 15. Rad1 Ne5 16. b3 Qb6 17. Be3 Qb4 18. Nb1 Qb6 19. Na3 Qc7 20. f4 Ned7 21. Ndb5 cxb5 22. Nxb5 Qb8 23. Nxd6 Re6 24. e5 Ra6 25. Bd5 Re7 26. f5 Nxe5 27. Nxf7 Rxf7 28. Bxf7+ Nxf7 29. Bf4 Qa7 30. Re8+ Bf8 31. Bh6 Nd7+ 32. Be3 Qb8 33. Bf4 Qa7+ 34. Be3 Qa8 35. fxg6 hxg6 36. Qxd7 Bxd7 37. Rxa8 Rxa8 38. Rxd7 Rb8 39. Bf4 Rc8 40. Rc7 Rxc7 41. Bxc7 Bb4 42. Kf1 Kf8 43. Ke2 Ke7 44. Kd3 Kd7 45. c3 Bxc3 46. Kxc3 Kxc7 47. Kc4 Kc6 48. b4 Nd6+ 49. Kc3 axb4+ 50. Kxb4 Ne4 51. Kc4 Nxg3 52. Kd4 g5 53. Ke3 Kb6 54. Kf3 Nh5 55. Kg4 Nf4 0-1

[Event "EYCC Open U20 2021"]
[Site "Tornelo"]
[Date "2021.10.15"]
[Round "3.3"]
[White "Dudin, Gleb"]
[Black "Rozen, Eytan"]
[Result "1-0"]
[ECO "D52"]
[WhiteElo "2438"]
[BlackElo "2386"]
[Annotator "NA"]
[PlyCount "103"]
[EventDate "2021.10.15"]
[EventType "swiss"]
[EventCountry "NET"]
[SourceTitle "playchess.com"]
[Source "ChessBase"]
[SourceQuality "1"]
[TimeControl "5400+30"]

1. d4 d5 2. c4 c6 3. Nf3 Nf6 4. Nc3 e6 5. Bg5 Nbd7 6. e3 Qa5 7. cxd5 exd5 8. Nd2 Ne4 9. Ncxe4 dxe4 10. Bh4 Nf6 11. Bc4 Bg4 12. Qc2 Bb4 13. Bxf6 Bxd2+ 14. Qxd2 Qxd2+ 15. Kxd2 gxf6 16. Rhc1 Ke7 17. Rc3 Be6 18. Rac1 Rhg8 19. g3 Rg5 20. h4 Rf5 21. Ke1 Rd8 22. Bf1 Ra5 23. a3 Rad5 24. Bc4 Ra5 25. Be2 Rad5 26. Rb1 h6 27. b4 a6 28. a4 Kd6 29. Bc4 Rf5 30. Bf1 Re8 31. Rbc1 a5 32. b5 cxb5 33. Bxb5 Re7 34. Bf1 Bd7 35. Bh3 Rd5 36. Bxd7 Rxd7 37. Rb1 b5 38. Rxb5 Rxb5 39. axb5 a4 40. Rc6+ Kd5 41. Ra6 Kc4 42. Rxa4+ Kxb5 43. Ra8 f5 44. Rc8 Rd5 45. Rc7 f4 46. gxf4 Rf5 47. Re7 Kc4 48. Ke2 f6 49. Rxe4 Rh5 50. Re6 f5 51. Rf6 Rxh4 52. Rxf5 1-0

[Event "EYCC Open U20 2021"]
[Site "Tornelo"]
[Date "2021.10.15"]
[Round "3.4"]
[White "Sokolovsky, Yahli"]
[Black "Ibrahimli, Murad"]
[Result "0-1"]
[ECO "B51"]
[WhiteElo "2422"]
[BlackElo "2435"]
[Annotator "NA"]
[PlyCount "94"]
[EventDate "2021.10.15"]
[EventType "swiss"]
[EventCountry "NET"]
[SourceTitle "playchess.com"]
[Source "ChessBase"]
[SourceQuality "1"]
[TimeControl "5400+30"]

1. e4 c5 2. Nf3 d6 3. Bb5+ Nd7 4. O-O Ngf6 5. Re1 a6 6. Bf1 b6 7. d4 cxd4 8. Nxd4 Bb7 9. f3 e6 10. c4 Be7 11. Be3 O-O 12. Nc3 Rc8 13. Qd2 Qc7 14. Rac1 Qb8 15. Qf2 Kh8 16. Kh1 Rg8 17. Nb3 Bd8 18. Rcd1 Bc7 19. g4 g5 20. Nc1 h5 21. gxh5 g4 22. Bd4 Qa8 23. Bd3 Rg7 24. N1e2 Ne5 25. Ng3 gxf3 26. Bxe5 dxe5 27. Qxf3 Ng4 28. h6 Nxh6 29. Nh5 Rg6 30. Rg1 Rcg8 31. Ne2 Qd8 32. Rg3 Rxg3 33. Nexg3 f5 34. Bc2 Qe7 35. Ne2 Qh4 36. Nhg3 Ng4 37. Kg1 Qxh2+ 38. Kf1 f4 39. Rd7 Ne3+ 40. Ke1 Nxc2+ 41. Kd2 Nd4 42. Qh5+ Qxh5 43. Nxh5 Rd8 44. Rf7 Bxe4 45. Nf6 Nxe2+ 46. Kxe2 Bd3+ 47. Kf3 Bd6 0-1

[Event "EYCC Open U20 2021"]
[Site "Tornelo"]
[Date "2021.10.15"]
[Round "3.6"]
[White "Nordquelle, Daniel"]
[Black "Leisch, Lukas"]
[Result "0-1"]
[ECO "B06"]
[WhiteElo "2143"]
[BlackElo "2406"]
[Annotator "NA"]
[PlyCount "82"]
[EventDate "2021.10.15"]
[EventType "swiss"]
[EventCountry "NET"]
[SourceTitle "playchess.com"]
[Source "ChessBase"]
[SourceQuality "1"]
[TimeControl "5400+30"]

1. e4 g6 2. d4 Bg7 3. Nc3 d6 4. Be3 a6 5. Qd2 b5 6. f3 Nd7 7. h4 h5 8. Nh3 Bb7 9. O-O-O Ngf6 10. Nf4 Nb6 11. Kb1 Rb8 12. Bd3 Nfd7 13. Qf2 Qc8 14. g4 c5 15. gxh5 gxh5 16. Rhg1 Bf6 17. Ncd5 Bxd5 18. exd5 c4 19. Bf5 Qb7 20. Rg2 Kd8 21. Rdg1 Kc7 22. Be6 Rbf8 23. Bxf7 Rxf7 24. Ne6+ Kb8 25. Rg8+ Rxg8 26. Rxg8+ Ka7 27. Nd8 Qxd5 28. Nxf7 Qxf7 29. Rg1 Qd5 30. c3 Qf5+ 31. Kc1 Nd5 32. Bg5 Nf4 33. Qe3 Nd3+ 34. Kb1 d5 35. Ka1 b4 36. Bxf6 Qxf6 37. cxb4 Nxb4 38. Qc3 Qd6 39. b3 Qh2 40. Qxb4 Qxg1+ 41. Kb2 Qxd4+ 0-1

[Event "EYCC Open U20 2021"]
[Site "Tornelo"]
[Date "2021.10.15"]
[Round "3.8"]
[White "Stoleriu, George"]
[Black "Kirilmaz, Emre"]
[Result "1-0"]
[ECO "B03"]
[WhiteElo "2373"]
[BlackElo "2147"]
[Annotator "NA"]
[PlyCount "77"]
[EventDate "2021.10.15"]
[EventType "swiss"]
[EventCountry "NET"]
[SourceTitle "playchess.com"]
[Source "ChessBase"]
[SourceQuality "1"]
[TimeControl "5400+30"]

1. e4 Nf6 2. e5 Nd5 3. c4 Nb6 4. d4 d6 5. f4 g6 6. Nc3 Bg7 7. Be3 Be6 8. Nf3 O-O 9. Qb3 dxe5 10. fxe5 Bg4 11. Be2 Nc6 12. Rd1 Bxf3 13. gxf3 e6 14. O-O Ne7 15. Ne4 h6 16. Ng3 Nf5 17. Nxf5 gxf5 18. Kh1 Kh7 19. Rg1 Rg8 20. f4 Qh4 21. Bf3 c6 22. a4 Rab8 23. a5 Nd7 24. Qc2 Nf8 25. d5 Ng6 26. dxe6 fxe6 27. Rd7 Nxf4 28. Bf2 Qh3 29. Bg4 Rbd8 30. Rxd8 Rxd8 31. Bxh3 Nxh3 32. Re1 Bf8 33. Be3 Bb4 34. Rd1 Rg8 35. Qe2 Rg4 36. Qf3 Ng5 37. Bxg5 hxg5 38. Rg1 Rf4 39. Qh5+ 1-0

[Event "EYCC Open U20 2021"]
[Site "Tornelo"]
[Date "2021.10.15"]
[Round "3.9"]
[White "Pliukha, Myhajlo"]
[Black "Crevatin, Leo"]
[Result "1-0"]
[ECO "B30"]
[WhiteElo "2217"]
[BlackElo "2275"]
[Annotator "NA"]
[PlyCount "81"]
[EventDate "2021.10.15"]
[EventType "swiss"]
[EventCountry "NET"]
[SourceTitle "playchess.com"]
[Source "ChessBase"]
[SourceQuality "1"]
[TimeControl "5400+30"]

1. e4 c5 2. Nc3 Nc6 3. Nf3 e5 4. Bc4 Be7 5. Nd5 Nf6 6. d3 d6 7. c3 O-O 8. O-O Nxd5 9. Bxd5 Bg4 10. h3 Bh5 11. g4 Bg6 12. Ne1 Bg5 13. Ng2 Bxc1 14. Rxc1 Ne7 15. Qb3 Kh8 16. f4 f6 17. Be6 Rb8 18. Rcd1 b5 19. Qc2 Qb6 20. Kh2 b4 21. h4 Be8 22. h5 bxc3 23. bxc3 Bc6 24. Rb1 Qc7 25. Rxb8 Rxb8 26. g5 d5 27. h6 Ng6 28. f5 Nf4 29. Nxf4 exf4 30. exd5 f3+ 31. Kh3 fxg5 32. Rxf3 Be8 33. f6 gxf6 34. Rxf6 Qe7 35. Qf2 Bd7 36. Qf5 g4+ 37. Kg2 Rb2+ 38. Kf1 Rb1+ 39. Ke2 Rb2+ 40. Ke3 Rb8 41. Rf7 1-0

[Event "EYCC Open U20 2021"]
[Site "Tornelo"]
[Date "2021.10.15"]
[Round "3.10"]
[White "Kalogridis, Antonios"]
[Black "Bruaset, Eivind"]
[Result "1/2-1/2"]
[ECO "E20"]
[WhiteElo "2275"]
[BlackElo "2200"]
[Annotator "NA"]
[PlyCount "48"]
[EventDate "2021.10.15"]
[EventType "swiss"]
[EventCountry "NET"]
[SourceTitle "playchess.com"]
[Source "ChessBase"]
[SourceQuality "1"]
[TimeControl "5400+30"]

1. d4 Nf6 2. c4 e6 3. Nc3 Bb4 4. f3 c5 5. d5 b5 6. e4 O-O 7. e5 exd5 8. cxd5 Re8 9. f4 d6 10. Bxb5 Bd7 11. Bc4 Ne4 12. Nf3 dxe5 13. fxe5 Nxc3 14. bxc3 Bxc3+ 15. Bd2 Bxe5 16. O-O Bg4 17. Rb1 Qd6 18. Nxe5 Bxd1 19. Nxf7 Qg6 20. d6 Qxb1 21. Nh6+ Kh8 22. Nf7+ Kg8 23. Ne5+ Kh8 24. Nf7+ Kg8 1/2-1/2

[Event "EYCC Open U20 2021"]
[Site "Tornelo"]
[Date "2021.10.15"]
[Round "3.11"]
[White "Tryggestad, Andreas Garberg"]
[Black "Levin, Guy"]
[Result "1-0"]
[ECO "D24"]
[WhiteElo "2268"]
[BlackElo "2359"]
[Annotator "NA"]
[PlyCount "133"]
[EventDate "2021.10.15"]
[EventType "swiss"]
[EventCountry "NET"]
[SourceTitle "playchess.com"]
[Source "ChessBase"]
[SourceQuality "1"]
[TimeControl "5400+30"]

1. d4 d5 2. c4 e6 3. Nf3 Nf6 4. Nc3 dxc4 5. e4 b5 6. e5 Nd5 7. Nxb5 Nb6 8. Be2 Nc6 9. O-O Be7 10. Be3 Bb7 11. Qb1 g5 12. Rd1 Qd7 13. d5 Nxd5 14. Bxc4 Na5 15. Bxd5 Bxd5 16. Nc3 g4 17. Nxd5 exd5 18. Nd4 Nc4 19. Bf4 O-O 20. Qf5 Rad8 21. Bh6 Qxf5 22. Nxf5 Rfe8 23. Nxe7+ Rxe7 24. Bg5 Red7 25. Bxd8 Rxd8 26. Rac1 Nxe5 27. Rxc7 d4 28. Kf1 a6 29. Ke2 Rd6 30. Rc5 f6 31. Rc7 d3+ 32. Kd2 Rd4 33. Ke3 Rb4 34. b3 f5 35. Re1 Rb5 36. Kd4 Kf8 37. a4 Rb8 38. Kxe5 Re8+ 39. Kf6 Rxe1 40. Rd7 Ke8 41. Rxd3 Rh1 42. h3 Rf1 43. Rd2 Rb1 44. Re2+ Kd8 45. h4 Rxb3 46. Kxf5 g3 47. f4 Ra3 48. Kg4 Rxa4 49. Kxg3 a5 50. Kg4 Rb4 51. Kg5 Rb6 52. f5 h6+ 53. Kh5 a4 54. g4 a3 55. Ra2 Ra6 56. f6 Ke8 57. Kg6 Kf8 58. g5 Ra4 59. Rc2 Ra8 60. gxh6 Kg8 61. Ra2 Ra6 62. Re2 Ra8 63. f7+ Kf8 64. Re8+ Rxe8 65. fxe8=Q+ Kxe8 66. h7 a2 67. h8=Q+ 1-0

[Event "EYCC Open U20 2021"]
[Site "Tornelo"]
[Date "2021.10.15"]
[Round "4.8"]
[White "Kirilmaz, Emre"]
[Black "Kalogridis, Antonios"]
[Result "1-0"]
[ECO "D03"]
[WhiteElo "2147"]
[BlackElo "2275"]
[Annotator "ChessBase"]
[PlyCount "213"]
[EventDate "2021.10.15"]
[EventType "swiss"]
[EventCountry "NET"]
[SourceTitle "playchess.com"]
[Source "ChessBase"]
[SourceQuality "1"]
[TimeControl "5400+30"]

1. d4 Nf6 2. c3 g6 3. Bg5 Bg7 4. Nd2 d5 5. e3 O-O 6. Bd3 c5 7. Ngf3 Qb6 8. Rb1 Nbd7 9. O-O Re8 10. Qa4 Kf8 11. Qa3 Kg8 12. c4 cxd4 13. exd4 e5 14. dxe5 Nxe5 15. Nxe5 Rxe5 16. c5 Qd8 17. Nf3 Re8 18. Rfe1 Bd7 19. Rxe8+ Qxe8 20. Re1 Ne4 21. b4 a5 22. bxa5 Bc3 23. Rxe4 dxe4 24. Qxc3 exd3 25. Bh6 f6 26. Qxf6 Qf7 27. Qd4 Bf5 28. g4 Qd7 29. gxf5 Qxd4 30. Nxd4 Rxa5 31. Nb3 Rxa2 32. fxg6 Rb2 33. Nd2 hxg6 34. Kg2 Kf7 35. Kf3 Ke6 36. Ke4 Rb4+ 37. Kxd3 Rh4 38. Be3 Rxh2 39. Kc4 Kd7 40. Kb5 Rh1 41. Nf3 Rb1+ 42. Kc4 Ke6 43. Nd4+ Ke5 44. Nb5 Ke6 45. Na3 Ra1 46. Nc2 Rb1 47. Nb4 Rb2 48. Nd3 Rb1 49. Nf4+ Kf5 50. Ne2 Ke6 51. Bd4 Re1 52. Nc3 g5 53. Kb5 Kd7 54. Kb6 Kc8 55. Be3 g4 56. Ne4 Rb1+ 57. Ka5 Kc7 58. Nf6 Rg1 59. Kb5 Kd8 60. Bf4 Rb1+ 61. Kc4 b5+ 62. cxb6 Rxb6 63. Nxg4 Rb2 64. Kd5 Ke7 65. Be5 Rd2+ 66. Bd4 Rd1 67. f4 Kf7 68. Ke5 Rb1 69. Kf5 Rf1 70. Nh6+ Kf8 71. Be5 Ke7 72. Ng4 Kd7 73. Nf6+ Kc6 74. Ke6 Rxf4 75. Bxf4 Kb7 76. Kd5 Ka8 77. Kc6 Ka7 78. Nd5 Ka8 79. Nb6+ Ka7 80. Bc7 Ka6 81. Bb8 Ka5 82. Nd5 Ka4 83. Kc5 Kb3 84. Nb4 Kc3 85. Bf4 Kb3 86. Be5 Ka4 87. Kc4 Ka5 88. Bc7+ Ka4 89. Nd5 Ka3 90. Nc3 Kb2 91. Bd6 Kc1 92. Bf4+ Kc2 93. Be3 Kb2 94. Kd3 Ka3 95. Bc5+ Kb3 96. Bd6 Kb2 97. Nd5 Kc1 98. Bb4 Kb2 99. Bc3+ Kb3 100. Nb6 Ka3 101. Kc2 Ka2 102. Bb4 Ka1 103. Nd5 Ka2 104. Nf4 Ka1 105. Nd3 Ka2 106. Nc1+ Ka1 107. Bc3# 1-0

[Event "EYCC Open U20 2021"]
[Site "Tornelo"]
[Date "2021.10.15"]
[Round "4.10"]
[White "Bruaset, Eivind"]
[Black "Nordquelle, Daniel"]
[Result "1-0"]
[ECO "A31"]
[WhiteElo "2200"]
[BlackElo "2143"]
[Annotator "ChessBase"]
[PlyCount "109"]
[EventDate "2021.10.15"]
[EventType "swiss"]
[EventCountry "NET"]
[SourceTitle "playchess.com"]
[Source "ChessBase"]
[SourceQuality "1"]
[TimeControl "5400+30"]

1. e4 c5 2. Nf3 a6 3. c4 d6 4. d4 cxd4 5. Nxd4 Nf6 6. Nc3 e6 7. Be2 Be7 8. O-O b6 9. Be3 O-O 10. f3 Bb7 11. Qd2 Nbd7 12. Rac1 Rc8 13. Rfd1 Kh8 14. Bf1 Qc7 15. Qf2 Rg8 16. b4 g5 17. h3 Rg6 18. Na4 h5 19. Bd3 Ne5 20. Ne2 g4 21. Nf4 Rg7 22. hxg4 hxg4 23. Kf1 gxf3 24. gxf3 Nxd3 25. Nxd3 Rcg8 26. Ke2 b5 27. cxb5 Qd7 28. Rh1+ Nh7 29. Rh5 f5 30. exf5 Bf6 31. Nb6 Qf7 32. Nf4 exf5 33. Nc4 Rc8 34. Nxd6 Qxa2+ 35. Kf1 Rxc1+ 36. Bxc1 Qb3 37. Qe2 Bxf3 38. Qe8+ Qg8 39. Nf7+ Rxf7 40. Ng6+ Kg7 41. Bh6+ Kxg6 42. Qxg8+ Kxh5 43. Qxf7+ Kxh6 44. bxa6 Be4 45. a7 Bd4 46. Qe6+ Nf6 47. Qxe4 fxe4 48. a8=Q Kg5 49. b5 Kf4 50. b6 e3 51. Ke2 Ne4 52. b7 Ng3+ 53. Kd3 e2 54. b8=Q+ Be5 55. Qxe5+ 1-0

[Event "EYCC Open U20 2021"]
[Site "Tornelo"]
[Date "2021.10.15"]
[Round "4.11"]
[White "Crevatin, Leo"]
[Black "Levin, Guy"]
[Result "0-1"]
[ECO "D10"]
[WhiteElo "2275"]
[BlackElo "2359"]
[Annotator "ChessBase"]
[PlyCount "94"]
[EventDate "2021.10.15"]
[EventType "swiss"]
[EventCountry "NET"]
[SourceTitle "playchess.com"]
[Source "ChessBase"]
[SourceQuality "1"]
[TimeControl "5400+30"]

1. d4 d5 2. c4 dxc4 3. e4 b5 4. a4 c6 5. Nc3 b4 6. Nce2 Ba6 7. Nf3 e6 8. Ng3 Nf6 9. Be2 c5 10. e5 Nd5 11. Ne4 cxd4 12. Nxd4 Qc7 13. O-O Be7 14. Re1 O-O 15. Bg4 Qd7 16. Bg5 Nc6 17. Nf3 h6 18. Bxe7 Qxe7 19. Nd6 Rad8 20. Qc2 Nxe5 21. Nxe5 Rxd6 22. Nxc4 Rc6 23. b3 Qc7 24. Rac1 Bxc4 25. bxc4 Nc3 26. Be2 Rc8 27. Bf1 Rc5 28. Re3 Qc6 29. Rg3 a5 30. Ra1 Rd8 31. Qc1 e5 32. Qe3 Rd4 33. Bd3 Qd6 34. Re1 e4 35. Bc2 f5 36. Rg6 Qxg6 37. Qxd4 Qc6 38. f3 Kh7 39. fxe4 Rxc4 40. Qe5 fxe4 41. Qf5+ Qg6 42. Qxa5 Rd4 43. Qc7 Rd2 44. Bxe4 Nxe4 45. g3 Ng5 46. Rf1 Nh3+ 47. Kh1 Qe4+ 0-1

[Event "EYCC Open U20 2021"]
[Site "Tornelo"]
[Date "2021.10.15"]
[Round "7.9"]
[White "Crevatin, Leo"]
[Black "Tryggestad, Andreas Garberg"]
[Result "0-1"]
[ECO "E60"]
[WhiteElo "2275"]
[BlackElo "2268"]
[Annotator "RC"]
[PlyCount "64"]
[EventDate "2021.10.15"]
[EventType "swiss"]
[EventCountry "NET"]
[SourceTitle "playchess.com"]
[Source "ChessBase"]
[SourceQuality "1"]
[TimeControl "5400+30"]

1. d4 Nf6 2. c4 g6 3. f3 c5 4. d5 Bg7 5. e4 d6 6. Ne2 e6 7. Nec3 a6 8. a4 Nh5 9. Be3 f5 10. Nd2 O-O 11. Bd3 Qh4+ 12. g3 Nxg3 13. Bf2 f4 14. Ne2 Be5 15. Nf1 Qh6 16. Nfxg3 fxg3 17. Nxg3 exd5 18. cxd5 Bxb2 19. O-O Bh3 20. Rb1 Bxf1 21. Bxf1 Qg7 22. Qb3 Be5 23. Qxb7 Nd7 24. Rd1 Rab8 25. Qxa6 Rxf3 26. Qe2 Rbf8 27. Be3 Bxg3 28. hxg3 Rxg3+ 29. Bg2 Ne5 30. Bf2 Ra3 31. Qb5 Nf3+ 32. Kf1 Ra2 0-1

[Event "EYCC Open U20 2021"]
[Site "Tornelo"]
[Date "2021.10.15"]
[Round "9.1"]
[White "Pantzar, Milton"]
[Black "Garayev, Kanan"]
[Result "1/2-1/2"]
[ECO "D31"]
[WhiteElo "2413"]
[BlackElo "2339"]
[Annotator "ChessBase"]
[PlyCount "104"]
[EventDate "2021.10.15"]
[EventType "swiss"]
[EventCountry "NET"]
[SourceTitle "playchess.com"]
[Source "ChessBase"]
[SourceQuality "1"]
[TimeControl "5400+30"]

1. d4 d5 2. Nf3 e6 3. c4 a6 4. cxd5 exd5 5. Nc3 c6 6. Qc2 Bd6 7. Bg5 Ne7 8. e3 f6 9. Bh4 Bf5 10. Bd3 Bxd3 11. Qxd3 O-O 12. O-O Ng6 13. e4 Nf4 14. Qc2 dxe4 15. Nxe4 Nd5 16. Qb3 Rf7 17. Rad1 a5 18. a3 Na6 19. Rfe1 Bf8 20. Ne5 Rc7 21. Rd3 a4 22. Qd1 Be7 23. Nf3 Rd7 24. Bg3 f5 25. Nc3 Nxc3 26. bxc3 Nc5 27. Rxe7 Qxe7 28. dxc5 Rxd3 29. Qxd3 Qxc5 30. Ne5 h6 31. c4 Re8 32. Qxf5 Qxc4 33. h3 Qd5 34. Qf4 b5 35. Ng4 c5 36. Qc7 b4 37. Be5 Qf7 38. Qxc5 bxa3 39. Bc3 h5 40. Ne5 Qb3 41. Qd4 a2 42. Nf3 Qb1+ 43. Kh2 Qg6 44. Qxa4 Qe6 45. Qd4 Qf6 46. Ne5 Kh8 47. g3 Rxe5 48. Qxe5 Qxf2+ 49. Kh1 Qf1+ 50. Kh2 Qf2+ 51. Kh1 Qf1+ 52. Kh2 Qf2+ 1/2-1/2

[Event "EYCC Open U20 2021"]
[Site "Tornelo"]
[Date "2021.10.15"]
[Round "9.2"]
[White "Bruaset, Eivind"]
[Black "Salemgareev, Tagir"]
[Result "0-1"]
[ECO "B32"]
[WhiteElo "2200"]
[BlackElo "2489"]
[Annotator "ChessBase"]
[PlyCount "90"]
[EventDate "2021.10.15"]
[EventType "swiss"]
[EventCountry "NET"]
[SourceTitle "playchess.com"]
[Source "ChessBase"]
[SourceQuality "1"]
[TimeControl "5400+30"]

1. e4 c5 2. Nf3 Nc6 3. d4 cxd4 4. Nxd4 e5 5. Nb5 d6 6. N1c3 a6 7. Na3 b5 8. Nd5 Nge7 9. Bd3 Nxd5 10. exd5 Ne7 11. c4 Ng6 12. cxb5 Be7 13. O-O O-O 14. Re1 f5 15. bxa6 f4 16. f3 Bh4 17. Re4 Rf5 18. Rb4 Rh5 19. Bd2 Qc7 20. Nb5 Qc5+ 21. Nd4 exd4 22. Rc1 Qa7 23. Rbc4 Bxa6 24. Rc7 Bb7 25. Qb3 Rb8 26. R1c4 Bd8 27. Ra4 Qxa4 28. Qxa4 Bxc7 29. Qd7 Rc8 30. Bf5 Rxf5 31. Qxf5 Nf8 32. b4 Ra8 33. Qc2 Bb6 34. Qb3 d3+ 35. Kh1 Be3 36. Bc3 d2 37. a4 Rc8 38. Bxd2 Bxd2 39. g3 Be3 40. Kg2 Rc1 41. Kh3 Bc8+ 42. Kh4 Rh1 43. Qc2 Bf5 44. Qg2 Rg1 45. Qe2 fxg3 0-1

[Event "EYCC Open U20 2021"]
[Site "Tornelo"]
[Date "2021.10.15"]
[Round "9.3"]
[White "Kirilmaz, Emre"]
[Black "Murzin, Volodar"]
[Result "0-1"]
[ECO "A48"]
[WhiteElo "2147"]
[BlackElo "2513"]
[Annotator "ChessBase"]
[PlyCount "66"]
[EventDate "2021.10.15"]
[EventType "swiss"]
[EventCountry "NET"]
[SourceTitle "playchess.com"]
[Source "ChessBase"]
[SourceQuality "1"]
[TimeControl "5400+30"]

1. d4 Nf6 2. c3 g6 3. Bg5 Bg7 4. Nd2 O-O 5. Ngf3 d6 6. e4 h6 7. Bh4 c5 8. dxc5 dxc5 9. Bc4 Nc6 10. O-O Nh5 11. Re1 Qc7 12. Qe2 e6 13. e5 g5 14. Nxg5 hxg5 15. Bxg5 f6 16. Qxh5 fxg5 17. Bd3 Bxe5 18. Nf3 Rxf3 19. gxf3 Bf4 20. Rad1 Qe7 21. Qg6+ Kf8 22. Be4 Qg7 23. Qh5 Ke7 24. Bf5 Ne5 25. Bg4 Bd7 26. Qh3 Rh8 27. Qf1 Bxh2+ 28. Kg2 Bc6 29. Rxe5 Bxe5 30. Qc4 Qf6 31. Qxc5+ Kf7 32. Re1 Bxf3+ 33. Bxf3 Rh2+ 0-1

[Event "EYCC Open U20 2021"]
[Site "Tornelo"]
[Date "2021.10.15"]
[Round "9.4"]
[White "Sokolovsky, Yahli"]
[Black "Dudin, Gleb"]
[Result "0-1"]
[ECO "B90"]
[WhiteElo "2422"]
[BlackElo "2438"]
[Annotator "ChessBase"]
[PlyCount "104"]
[EventDate "2021.10.15"]
[EventType "swiss"]
[EventCountry "NET"]
[SourceTitle "playchess.com"]
[Source "ChessBase"]
[SourceQuality "1"]
[TimeControl "5400+30"]

1. e4 c5 2. Nf3 d6 3. d4 cxd4 4. Nxd4 Nf6 5. Nc3 a6 6. h3 e5 7. Nb3 Be7 8. g4 h6 9. Be3 Nbd7 10. a4 Nf8 11. Qd2 Ng6 12. O-O-O Be6 13. Nd5 Nxd5 14. exd5 Bd7 15. a5 Bg5 16. Qb4 Qc7 17. Nd2 Rc8 18. Nc4 Ke7 19. Kb1 Bxe3 20. fxe3 Bb5 21. Na3 Bxf1 22. Rhxf1 Nf8 23. Qe4 Nd7 24. Qf5 Rhf8 25. Qh7 Rg8 26. h4 Nf6 27. Qf5 Qd7 28. Qxd7+ Nxd7 29. c4 Nf6 30. Rg1 h5 31. g5 Ng4 32. Rg3 f6 33. gxf6+ gxf6 34. Rdg1 Kf7 35. Rf1 Nh2 36. Rxg8 Rxg8 37. Rc1 Nf3 38. c5 dxc5 39. Rxc5 Nxh4 40. Rc7+ Kg6 41. d6 Rd8 42. Nc4 Nf3 43. d7 h4 44. Nb6 Kf7 45. Rc1 h3 46. Rh1 h2 47. Kc2 e4 48. Kd1 Ke7 49. Ke2 Rg8 50. Nd5+ Ke6 51. d8=Q Rxd8 52. Nf4+ Kf5 0-1

[Event "EYCC Open U20 2021"]
[Site "Tornelo"]
[Date "2021.10.15"]
[Round "9.5"]
[White "Stoleriu, George"]
[Black "Tryggestad, Andreas Garberg"]
[Result "1-0"]
[ECO "B48"]
[WhiteElo "2373"]
[BlackElo "2268"]
[Annotator "ChessBase"]
[PlyCount "107"]
[EventDate "2021.10.15"]
[EventType "swiss"]
[EventCountry "NET"]
[SourceTitle "playchess.com"]
[Source "ChessBase"]
[SourceQuality "1"]
[TimeControl "5400+30"]

1. e4 c5 2. Nf3 e6 3. d4 cxd4 4. Nxd4 Nc6 5. Nc3 Qc7 6. Be3 Nf6 7. f4 Bb4 8. Ndb5 Qa5 9. e5 Nd5 10. Bd2 Nxc3 11. bxc3 Be7 12. c4 Bb4 13. Bxb4 Qxb4+ 14. c3 Qa5 15. Nd6+ Ke7 16. Rc1 f6 17. Qg4 fxe5 18. Qxg7+ Kxd6 19. Qxh8 exf4 20. Qf8+ Kc7 21. Qxf4+ d6 22. Bd3 Ne5 23. Bxh7 Bd7 24. O-O b6 25. Qd4 Rh8 26. Be4 Rh4 27. g3 Rg4 28. Rcd1 Qa3 29. Rf4 Rg8 30. Bg2 Rh8 31. Rf2 Ba4 32. Re1 Qc5 33. Qxc5+ bxc5 34. Rb2 Bc6 35. Rxe5 dxe5 36. Bxc6 Kxc6 37. Rd2 a5 38. a4 e4 39. h4 e3 40. Rd3 Rg8 41. Kg2 Rg4 42. Rxe3 Kd6 43. Kh3 Rxc4 44. h5 Ke7 45. h6 Kf7 46. Rxe6 Rxc3 47. Rc6 Rc1 48. Kh4 c4 49. Kg5 Rd1 50. Rc7+ Kg8 51. g4 Rd5+ 52. Kg6 Rd6+ 53. Kh5 Rd4 54. g5 1-0

[Event "EYCC Open U20 2021"]
[Site "Tornelo"]
[Date "2021.10.15"]
[Round "9.6"]
[White "Rozen, Eytan"]
[Black "Koelle, Tobias"]
[Result "1/2-1/2"]
[ECO "D11"]
[WhiteElo "2386"]
[BlackElo "2393"]
[Annotator "ChessBase"]
[PlyCount "142"]
[EventDate "2021.10.15"]
[EventType "swiss"]
[EventCountry "NET"]
[SourceTitle "playchess.com"]
[Source "ChessBase"]
[SourceQuality "1"]
[TimeControl "5400+30"]

1. d4 Nf6 2. Nf3 d5 3. g3 Bf5 4. Bg2 e6 5. O-O Be7 6. c4 c6 7. Nbd2 h6 8. b3 O-O 9. Bb2 Ne4 10. a3 Nd7 11. Nxe4 Bxe4 12. Nd2 Bxg2 13. Kxg2 Nf6 14. Re1 Qc7 15. e4 dxe4 16. Nxe4 Rad8 17. Qc2 Nxe4 18. Rxe4 Bf6 19. b4 Rd7 20. Rae1 Rfd8 21. d5 cxd5 22. Bxf6 dxe4 23. Bxd8 Rxd8 24. Qxe4 g6 25. h4 h5 26. Re3 a6 27. Rd3 Ra8 28. c5 Re8 29. Rd6 Re7 30. Qd4 Kh7 31. f4 Qc8 32. Kg1 e5 33. fxe5 Qf5 34. Rf6 Qb1+ 35. Kg2 Qe1 36. Rf2 Qb1 37. Qd5 Kg7 38. c6 bxc6 39. Qxc6 Kg8 40. Qxa6 Qe4+ 41. Kh2 Rxe5 42. Qf6 Qd5 43. b5 Re1 44. Qf3 Qe6 45. a4 Ra1 46. Re2 Ra2 47. Qa8+ Kh7 48. Rg2 Ra1 49. Rf2 Ra2 50. Qf3 Rxa4 51. Qxf7+ Qxf7 52. Rxf7+ Kh6 53. b6 Rb4 54. b7 Rb2+ 55. Kg1 g5 56. Kf1 gxh4 57. gxh4 Kg6 58. Rc7 Kf5 59. Rg7 Kf6 60. Rh7 Kg6 61. Rc7 Kf5 62. Ke1 Kg4 63. Kd1 Kxh4 64. Kc1 Rb6 65. Kc2 Kg4 66. Kc3 h4 67. Rc4+ Kf3 68. Rb4 Rxb7 69. Rxb7 h3 70. Rh7 Kg2 71. Rxh3 Kxh3 1/2-1/2

[Event "EYCC Open U20 2021"]
[Site "Tornelo"]
[Date "2021.10.15"]
[Round "9.7"]
[White "Ibrahimli, Murad"]
[Black "Ben Ari, Yannay"]
[Result "0-1"]
[ECO "D02"]
[WhiteElo "2435"]
[BlackElo "2416"]
[Annotator "ChessBase"]
[PlyCount "84"]
[EventDate "2021.10.15"]
[EventType "swiss"]
[EventCountry "NET"]
[SourceTitle "playchess.com"]
[Source "ChessBase"]
[SourceQuality "1"]
[TimeControl "5400+30"]

1. Nf3 d5 2. g3 Nc6 3. d4 Bf5 4. c3 Qd7 5. Qa4 e6 6. Bg2 h5 7. Nbd2 Be7 8. b4 a6 9. h3 Nf6 10. Qd1 Bd6 11. a4 Qe7 12. Bb2 Ne4 13. e3 Qf6 14. Nxe4 Bxe4 15. O-O e5 16. c4 Bxf3 17. Bxf3 e4 18. Bg2 Nxb4 19. c5 Be7 20. Qb3 a5 21. Bc3 Qc6 22. f3 f5 23. fxe4 fxe4 24. Bxb4 axb4 25. Rf5 O-O-O 26. Qxb4 g6 27. Rf2 h4 28. g4 Bg5 29. Qb3 Rhf8 30. Raf1 Rxf2 31. Rxf2 Qa6 32. Bf1 Qa7 33. Rf7 c6 34. Rg7 Qb8 35. Bg2 Rd7 36. Rxg6 Bd8 37. Qc2 Rf7 38. Qe2 Qg3 39. Rg8 Kd7 40. Rxd8+ Kxd8 41. Qd2 Ke8 42. a5 Kf8 0-1